 Dungeon Crawl Stone Soup version 0.18-a0-1418-ga86aa8f (webtiles) character file.

667 Ijustatesigmund the Changer (level 7, -1/48 HPs)
             Began as an Octopode Transmuter on Feb 26, 2016.
             Slain by Tomstefer's ghost (16 damage)
             ... on level 5 of the Dungeon.
             The game lasted 00:18:40 (5401 turns).

Ijustatesigmund the Changer (Octopode Transmuter)   Turns: 5401, Time: 00:18:40

Health: -1/48      AC:  1    Str:  9    XL:     7   Next: 57%
Magic:  10/10      EV: 12    Int: 22    God:
Gold:   189        SH:  0    Dex: 13    Spells: 4 memorised, 0 levels left

rFire  . . .     SeeInvis .       - Unarmed
rCold  . . .     Gourm    .     (no shield)
rNeg   + . .     Faith    .     (helmet restricted)
rPois  .         Spirit   .     t - amulet of magic regeneration
rElec  .         Dismiss  .     d - +2 ring of intelligence
rCorr  .         Reflect  .     e - ring of positive energy
SustAt .         Harm     .     j - +3 ring of intelligence
MR     +....                    l - ring of protection from magic
Stlth  ++++......               m - ring of stealth
                                (no ring)
                                (no ring)
                                (no ring)

@: very slightly contaminated, somewhat resistant to hostile enchantments,
stealthy
A: almost no armour, amphibious, 8 rings, constrict 8, camouflage 1, gelatinous
body 1
a: no special abilities


You were on level 5 of the Dungeon.
You were not hungry.

You visited 1 branch of the dungeon, and saw 6 of its levels.

You collected 189 gold pieces.

Inventory:

Hand Weapons
 v - a +0 blowgun
Missiles
 a - 19 arrows
 n - 7 arrows of flame
 q - 7 tomahawks (quivered)
Jewellery
 d - a +2 ring of intelligence (left tentacle)
 e - a ring of positive energy (right tentacle)
 j - a +3 ring of intelligence (on tentacle)
 l - a ring of protection from magic (on tentacle)
 m - a ring of stealth (on tentacle)
 t - an amulet of magic regeneration (around mantle)
 u - an uncursed ring of fire
Scrolls
 k - a scroll of enchant weapon {unknown}
 x - 2 scrolls of remove curse
Potions
 g - a potion of brilliance
 i - 2 potions of agility
 o - 2 potions of might
 p - a potion of magic {unknown}
 s - a potion of curing {unknown}
 w - a potion of cure mutation {unknown}
Books
 b - a book of Changes

   Spells                             Type                      Level
   a - Beastly Appendage              Transmutation                1
   b - Sticks to Snakes               Transmutation                2
   c - Spider Form                    Transmutation/Poison         3
   d - Ice Form                       Ice/Transmutation            4
   e - Blade Hands                    Transmutation                5
Comestibles
 c - 4 bread rations
 f - a beef jerky
 h - 2 meat rations


   Skills:
 - Level 4.0 Fighting
 - Level 2.0 Dodging
 - Level 3.1 Stealth
 - Level 4.0 Unarmed Combat
 + Level 2.3 Spellcasting
 + Level 4.1 Transmutations
 + Level 2.0 Ice Magic
 - Level 4.0 Poison Magic


You couldn't memorise any spells.
You knew the following spells:

 Your Spells              Type           Power        Failure   Level  Hunger
a - Beastly Appendage     Trmt           ###...       2%          1    None
b - Sticks to Snakes      Trmt           ###.....     4%          2    ##.....
c - Spider Form           Trmt/Pois      ###.......   10%         3    ###....
d - Ice Form              Ice/Trmt       ###.....     38%         4    ####...


Dungeon Overview and Level Annotations

Branches:
Dungeon (6/15)
 Temple: D:4-7

Altars:
Qazlal
Trog
Yredelemnul

Annotations:
D:5 Tomstefer's ghost, novice MiGl


Innate Abilities, Weirdness & Mutations

You cannot wear most types of armour.
You are amphibious.
You can wear up to eight rings at the same time.
You can use your tentacles to constrict eight enemies at once.
Your skin changes colour to match your surroundings (Stealth).
Your rubbery body absorbs attacks (AC +1).


Message History

You closely miss the ice beast. The ice beast misses you.
You hit the ice beast.
The ice beast is lightly wounded.
The ice beast misses you.
You barely miss the ice beast.
The ice beast is lightly wounded.
The ice beast barely misses you.
Your transformation has ended.
Read which item? (? for menu, Esc to quit)
Okay, then.
Your magical contamination has completely faded away.
Read which item? (? for menu, Esc to quit)
Blink to where?
Press: ? - help, Dir - move target cursor You are very lightly contaminated with residual magic.
As you read the scroll of blinking, it crumbles to dust.
You climb upwards.
Level annotation: Tomstefer's ghost, novice MiGl Tomstefer's ghost hits you!
You die...

.# ##. .).
###### ...
..<..##### #.#
####.....# #.#
#####.##### #W#
##.....###@#
#............##
#####.........#
###...........
####.........
##########


You could see Tomstefer's ghost.

Vanquished Creatures
  An ogre (D:4)
  2 scorpions
  A howler monkey (D:5)
  A giant frog skeleton (D:6)
  An orc wizard (D:5)
  An iguana (D:4)
  3 worker ants
  6 gnolls
  6 adders
  An adder skeleton (D:4)
  4 worms (D:2)
  2 dart slugs
  3 giant geckos
  6 orcs
  10 bats
  8 giant cockroaches
  7 hobgoblins
  9 jackals
  A quokka (D:3)
  6 giant newts
  11 goblins
  10 kobolds
  4 quokka skeletons (D:4)
  19 rats
  A spectral orc (D:3)
124 creatures vanquished.

Vanquished Creatures (collateral kills)
  Edmund (D:4)
  A gnoll (D:3)
  A hobgoblin (D:4)
3 creatures vanquished.

Grand Total: 127 creatures vanquished

Notes
Turn   | Place    | Note
--------------------------------------------------------------
     0 | D:1      | Ijustatesigmund the Octopode Transmuter began the quest for the Orb.
     0 | D:1      | Reached XP level 1. HP: 13/13 MP: 3/3
   242 | D:1      | Reached XP level 2. HP: 16/19 MP: 5/5
   246 | D:1      | Learned a level 2 spell: Sticks to Snakes
   639 | D:1      | Reached XP level 3. HP: 23/25 MP: 6/6
   644 | D:1      | Learned a level 3 spell: Spider Form
  1328 | D:2      | Reached skill level 1 in Poison Magic
  1595 | D:2      | Reached XP level 4. HP: 31/31 MP: 7/7
  1871 | D:2      | Found a faded altar to an unknown god.
  2150 | D:2      | Noticed a moth of wrath
  2153 | D:2      | Found a bloodstained altar of Trog.
  2487 | D:3      | Reached skill level 1 in Stealth
  2596 | D:3      | Reached XP level 5. HP: 32/36 MP: 8/8
  2613 | D:3      | Found a basalt altar of Yredelemnul.
  2674 | D:3      | Found a stormy altar of Qazlal.
  3663 | D:4      | Noticed Edmund
  3679 | D:4      | Killed Edmund
  3679 | D:4      | Reached XP level 6. HP: 43/43 MP: 3/9
  4365 | D:4      | Reached XP level 7. HP: 43/48 MP: 10/10
  4371 | D:4      | Learned a level 4 spell: Ice Form
  4904 | D:5      | Entered Level 5 of the Dungeon
  4925 | D:5      | Reached skill level 1 in Ice Magic
  5198 | D:5      | Noticed Tomstefer's ghost (novice MiGl)
  5401 | D:5      | Slain by Tomstefer's ghost

Vault maps used:
D:1:      matt_arrival_refuge, minmay_rat_gold_closets
D:2:      tgw_trog, first_bread, ecumenical_altar_1
D:3:      yredelemnul_forgotten_temple_becter, nicolae_qazlal_general_emergency
D:4:      uniq_edmund
D:5:      lemuel_round_altar, temple_hall
D:6:      nicolae_overflow_hidden_temple, okawaru_altar_gauntlet_db,
          nicolae_underground_beach, uniq_sigmund

Skill      XL: |  1  2  3  4  5  6  7 |
---------------+----------------------+-----
Fighting       | 2 3 4 |  4.0
Poison Magic   | 1 2 3 4 |  4.0
Stealth        | 1 3 |  3.1
Unarmed Combat | 4 |  4.0
Transmutations | 3 4 |  4.1
Ice Magic      | 2 |  2.0
Dodging        | |  2.0
Spellcasting   | |  2.3

Action                   |  1- 3 |  4- 6 |  7- 9 || total
-------------------------+-------+-------+-------++-------
Melee: Unarmed           |   104 |   161 |    57 ||   322
Throw: Tomahawk          |       |     4 |     3 ||     7
 Cast: Sticks to Snakes  |       |     9 |     4 ||    13
       Beastly Appendage |       |     3 |     3 ||     6
       Spider Form       |       |       |     1 ||     1
  Use: Scroll            |     5 |     6 |     4 ||    15
       Potion            |       |       |     2 ||     2
 Stab: Sleeping          |     9 |    19 |     3 ||    31
       Distracted        |     1 |       |       ||     1
  Eat: Chunk             |     2 |     9 |     3 ||    14
       Beef jerky        |       |       |     1 ||     1
